 Dungeon Crawl Stone Soup version 0.28-a0-194-g42b4daccc1 (webtiles) character file.

Game seed: 9579974256524830124

115 Jamsdnucbuo the Covert (level 4, 0/23 HPs)
             Began as a Spriggan Brigand on Aug 18, 2021.
             Slain by a gnoll (9 damage)
             ... on level 3 of the Dungeon.
             The game lasted 00:10:06 (3061 turns).

Jamsdnucbuo the Covert (Spriggan Brigand)           Turns: 3061, Time: 00:10:06

Health: 0/23       AC:  3    Str:  7    XL:     4   Next: 68%
Magic:  5/5        EV: 17    Int: 12    God:
Gold:   91         SH:  0    Dex: 17    Spells: 3/3 levels left

rFire   + . .      SeeInvis +   a - +2 dagger
rCold   x . .      Faith    .   (shield restricted)
rNeg    . . .      Spirit   .   b - +0 robe
rPois   .          Reflect  .   (helmet restricted)
rElec   .          Harm     .   c - +0 cloak
rCorr   .          Rampage  .   (gloves unavailable)
Will    .....                   (boots unavailable)
Stlth   ++++......              (no amulet)
HPRegen 0.07/turn               m - ring of fire
MPRegen 0.09/turn               (no ring)

@: very quick
A: very small, no large weapons, unfitting armour, see invisible, speed 3
a: no special abilities


You were on level 3 of the Dungeon.
You visited 1 branch of the dungeon, and saw 3 of its levels.

You collected 91 gold pieces.

Inventory:

Hand Weapons
 a - a +2 dagger (weapon)
Missiles
 d - 44 poisoned darts (quivered)
 e - 2 curare-tipped darts
 l - 5 atropa-tipped darts
Armour
 b - a +0 robe (worn)
 c - a +0 cloak (worn)
 h - a +0 pair of gloves
Jewellery
 m - a ring of fire (left hand)
Potions
 f - 3 potions of curing {unknown}
 g - a potion of mutation {unknown}
 i - a potion of degeneration {unknown}
 j - 2 potions of invisibility {unknown}
 k - a potion of heal wounds {unknown}
 n - a potion of might {unknown}


   Skills:
 + Level 1.7 Fighting
 + Level 2.9 Short Blades
 + Level 2.1 Throwing
 + Level 1.9 Dodging
 * Level 8.4 Stealth


You had 3 spell levels left.
You didn't know any spells.
Your spell library was empty.

Dungeon Overview and Level Annotations

Branches:
Dungeon (3/15)

Altars:
Elyvilon
Yredelemnul

Annotations:
D:2 Terence


Innate Abilities, Weirdness & Mutations

You are very small and have problems with some larger weapons.
You are too small for most types of armour.
You have supernaturally acute eyesight. (SInv)
You cover ground extremely quickly. (Speed+++)


Message History

The gnoll is lightly wounded.
You hit the gnoll.
The gnoll is moderately wounded.
The gnoll closely misses you.
You hit the gnoll.
The gnoll is heavily wounded.
The gnoll barely misses you.
You hit the gnoll.
The gnoll is severely wounded.
A dart slug comes into view.
The gnoll closely misses you.
You hit the gnoll.
The gnoll is almost dead.
The gnoll closely misses you.
You hit the gnoll.
You kill the gnoll!
You hit the kobold.
You kill the kobold!
The gnoll completely misses you.
Things that are here:
a +3 dagger; a +0 flail; a kobold corpse You hit the gnoll.
The gnoll is lightly wounded.
The gnoll barely misses you.
You hit the gnoll.
The gnoll is moderately wounded.
The gnoll hits you with a +0 spear.
You hit the gnoll.
The gnoll is heavily wounded.
The gnoll misses you.
You barely miss the gnoll.
The gnoll is heavily wounded.
The gnoll hits you with a +0 spear.
You closely miss the gnoll.
The gnoll is heavily wounded.
The gnoll hits you with a +0 spear.
You hit the gnoll.
The gnoll is heavily wounded.
The gnoll hits you with a +0 spear!
You die...

# . ####.
##.(.. #
......# #
.......## #
...(....#######
.
.......wgg@...#
.# #
##..(...#####.#
... #...#.##
#.# .. ### #.
#.# # . #. #.#
#.# #+ #.###
#.. #...# ###
###.## #..##


You could see 2 gnolls and a dart slug.

Vanquished Creatures
  A gnoll (D:3)
  5 adders (D:2)
  A white imp (D:3)
  2 dart slugs
  6 ball pythons (D:2)
  6 endoplasms
  2 giant cockroaches (D:1)
  3 goblins
  3 hobgoblins
  2 jackals (D:1)
  3 kobolds
  5 quokkas
  3 bats
  5 frilled lizards
  5 rats
52 creatures vanquished.

Vanquished Creatures (others)
  A kobold (D:3)
1 creature vanquished.

Grand Total: 53 creatures vanquished

Notes
Turn   | Place    | Note
-------+----------+-------------------------------------------
     0 | D:1      | Jamsdnucbuo the Spriggan Brigand began the quest for the
                  | Orb.
     0 | D:1      | Reached XP level 1. HP: 10/10 MP: 2/2
   143 | D:1      | Reached skill level 6 in Stealth
   204 | D:1      | Reached XP level 2. HP: 14/14 MP: 3/3
  1117 | D:1      | Reached skill level 7 in Stealth
  1554 | D:2      | Found a faded altar of an unknown god.
  1593 | D:2      | Reached XP level 3. HP: 10/18 MP: 4/4
  2085 | D:2      | Reached XP level 4. HP: 14/22 MP: 5/5
  2233 | D:2      | Reached skill level 8 in Stealth
  2600 | D:2      | Noticed Terence
  2694 | D:3      | Found a white marble altar of Elyvilon.
  2937 | D:3      | Found a runed translucent door.
  2937 | D:3      | Noticed a human
  2941 | D:3      | Found a basalt altar of Yredelemnul.
  3061 | D:3      | Slain by a gnoll

Illustrated notes

Levels and vault maps discovered:
D:1:      minmay_arrival_shattered_statue, layout_loops_ring
D:2:      layout_basic, shapermc_ecumenical_altar_mp_highgroup,
          minmay_snake_closets, uniq_sigmund, uniq_terence
D:3:      layout_loops_corners, elyvilon_altar_3, dk_yredelemnul_ordeal,
          nicolae_hepliaklqana_hazy_memory, serial_shops,
          nicolae_shop_waterfront, hangedman_abyss_or_decor_stabs

Skill      XL: |  1  2  3  4 |
---------------+-------------+-----
Stealth        | 6 7 8 |  8.4
Fighting       | |  1.7
Short Blades   | |  2.9
Throwing       | |  2.1
Dodging        | |  1.9

Action                   |  1- 3 |  4- 6 || total
-------------------------+-------+-------++-------
Melee: Dagger            |    93 |    62 ||   155
  Use: Scroll            |     2 |     2 ||     4
 Stab: Sleeping          |    14 |    10 ||    24
Armor: Robe              |     6 |     4 ||    10
Dodge: Dodged            |    52 |    32 ||    84

Table legend: (Time is in decaauts)
 A = Elapsed time spent in this place.
 B = Non-inter-level travel time spent in this place.
 C = Inter-level travel time spent in this place.
 D = Time resting spent in this place.
 E = Time spent auto-exploring this place.
 F = Levels seen in this place.
 G = Mean time per level.
                   A        B        C        D        E       F      G
               +--------+--------+--------+--------+--------+-----+--------+
         Total |   2493 |   2448 |     45 |      0 |   2078 |   3 |  831.0 |
       Dungeon |   2493 |   2448 |     45 |      0 |   2078 |   3 |  831.0 |
               +--------+--------+--------+--------+--------+-----+--------+

Top non-repeatable levels by time:
     D:2: 1195 daAuts
     D:1: 972 daAuts
     D:3: 325 daAuts
